 Dungeon Crawl Stone Soup version 0.29-a0-384-g6960b1960d (webtiles) character file.

Game seed: 1434628167891606342

4 Trevise the Skirmisher (level 1, 0/20 HPs)
             Began as a Djinni Cinder Acolyte on May 6, 2022.
             Was a High Priest of Ignis.
             Slain by a jackal (1 damage)
             ... on level 1 of the Dungeon.
             The game lasted 00:00:43 (209 turns).

Trevise the Skirmisher (Djinni Cinder Acolyte)       Turns: 209, Time: 00:00:44

Health: 0/20       AC:  2    Str: 13    XL:     1   Next: 77%
Gold:   26         EV: 11    Int: 15    God:    Ignis [*****.] SH:  0 Dex:  8

rFire   + + +      SeeInvis .   a - -1 short sword (flame)
rCold   x . .      Faith    .   (no shield)
rNeg    . . .      Spirit   .   b - +0 robe
rPois   ∞          Reflect  .   (no helmet)
rElec   .          Harm     .   (no cloak)
rCorr   .          Rampage  .   (no gloves)
Will    .....                   (boots unavailable)
Stlth   +.........              (no amulet)
HPRegen 0.06/turn               (no ring)
MPRegen 0.00/turn               (no ring)

@: attractive, flying
A: sickness immunity, fire resistance 2, cold vulnerability 1, float, innate
caster, HP casting, extra vitality 1
a: Renounce Religion, Fiery Armour, Foxfire Swarm, Rising Flame


You were on level 1 of the Dungeon.
You worshipped Ignis.
Ignis was extremely pleased with you.
You visited 1 branch of the dungeon, and saw 1 of its levels.

You collected 26 gold pieces.

Inventory:

Hand Weapons
 a - a -1 short sword of flaming (weapon)
Armour
 b - a +0 robe (worn)
Potions
 c - a potion of attraction {!q}


   Skills:
 + Level 3.1 Fighting
 + Level 2.8 Short Blades
 + Level 2.5 Spellcasting


You had 3 spell levels left.
You knew the following spells:

 Your Spells              Type           Power      Damage    Failure   Level
a - Scorch                Fire           18%        2d6       12%         2
Your spell library was empty.

Dungeon Overview and Level Annotations

Branches:
Dungeon (1/15)

Altars:


Innate Abilities, Weirdness & Mutations

You are immune to sickness and miasma.
You are immune to poison.
Your flesh is very heat resistant. (rF++)
You are vulnerable to cold. (rC-)
You float through the air rather than walking.
You learn spells naturally, not from books.
Your magical power is your life essence.
You have superior vitality. (+4 MHP)


Message History

The goblin shouts!
You aren't experienced enough to cast this spell.
You barely miss the frilled lizard. The frilled lizard closely misses you.
You closely miss the frilled lizard. You closely miss the frilled lizard.
The frilled lizard bites you but does no damage.
You closely miss the frilled lizard. Your punch misses the frilled lizard.
The frilled lizard closely misses you.
You barely miss the frilled lizard. The goblin closely misses you.
The frilled lizard bites you but does no damage.
You hit the frilled lizard. You burn the frilled lizard.
You kill the frilled lizard!
The goblin hits you with a +0 dagger.
You take 3 damage, and have 17/20 hp.
The goblin hits you with a +0 dagger.
You see here a frilled lizard corpse.
You take 2 damage, and have 15/20 hp.
You hit the goblin. You burn the goblin. The goblin hits you with a +0 dagger.
You take 1 damage, and have 14/20 hp.
You hit the goblin. You burn the goblin.
You kill the goblin!
Things that are here:
a +0 dagger; a goblin corpse Nothing quivered!
You reach down and open the door.
There is an open door here.
An endoplasm comes into view.
Health restored: 20 The helpless endoplasm fails to defend itself.
You hit the endoplasm. You burn the endoplasm.
You kill the endoplasm!
c - 2 lumpy dark potions (gained 1)
A jackal comes into view.
The jackal barks!
An endoplasm comes into view.
There are monsters nearby! 2 jackals come into view.
The jackal barks! x2; You hear a bark!
A jackal comes into view.
You hit the jackal. You burn the jackal. The jackal bites you.
You take 1 damage, and have 19/20 hp.
The jackal bites you.
You take 2 damage, and have 17/20 hp.
The jackal bites you but does no damage.
The jackal bites you.
You take 2 damage, and have 15/20 hp.
You hit the jackal but do no damage. The jackal bites you.
You take 1 damage, and have 14/20 hp.
You closely miss the jackal. You hit the jackal. You burn the jackal.
The jackal bites you. The jackal closely misses you.
You take 1 damage, and have 13/20 hp.
The jackal attacks as you move away! The jackal closely misses you.
The jackal attacks as you move away! The jackal bites you.
The jackal closely misses you.
You take 1 damage, and have 12/20 hp.
The jackal attacks as you move away! The jackal closely misses you.
You are too injured to fight recklessly!
You are too injured to fight recklessly!
You are too injured to fight recklessly!
You are too injured to fight recklessly!
You closely miss the jackal. The jackal bites you.
The jackal closely misses you.
You take 1 damage, and have 11/20 hp.
You closely miss the jackal. The jackal closely misses you.
You closely miss the jackal. The jackal closely misses you.
You barely miss the jackal. The jackal bites you.
The jackal bites you but does no damage.
You take 1 damage, and have 10/20 hp.
You barely miss the jackal. The jackal bites you.
You take 1 damage, and have 9/20 hp.
You hit the jackal but do no damage. The jackal barely misses you.
You hit the jackal. You burn the jackal.
You kill the jackal!
The jackal bites you.
* * * LOW HITPOINT WARNING * * *
You take 3 damage, and have 6/20 hp.
You hit the jackal but do no damage. The jackal barely misses you.
You closely miss the jackal. The jackal bites you.
* * * LOW HITPOINT WARNING * * *
The jackal bites you but does no damage.
You take 3 damage, and have 3/20 hp.
The jackal attacks as you move away! The jackal bites you.
* * * LOW HITPOINT WARNING * * *
The jackal barely misses you.
You take 1 damage, and have 2/20 hp.
The jackal attacks as you move away! The jackal barely misses you.
The jackal misses you. The jackal closely misses you.
The jackal attacks as you move away! The jackal closely misses you.
You aren't carrying any scrolls.
You aren't carrying any scrolls.
It was a potion of attraction.
You feel attractive to monsters.
The jackal bites you but does no damage.
The jackal barely misses you. The jackal bites you.
* * * LOW HITPOINT WARNING * * *
You take 1 damage, and have 1/20 hp.
The jackal attacks as you move away! The jackal completely misses you.
The jackal bites you.
You die...

##+## #.......# .
##...###.#####.# .. ##.....##.#
#...# .## ##.......#.# #...# ..##
#..........###...###########...##
+.......†).......................
#................#######.........
##...............#...)...........
##...........hh@.########.......
##...#.....Jh###........##..)..
##'##......#..................
#.###....#................... #.#
#...#†...................
##.###...#J....:..............
##...##...#.........#..........
###..........#....<##..#.........
.......#....J#.......#..#........


You could see an endoplasm and 3 jackals.

Vanquished Creatures
  An endoplasm (D:1)
  A goblin (D:1)
  A jackal (D:1)
  A frilled lizard (D:1)
4 creatures vanquished.

Notes
Turn   | Place    | Note
-------+----------+-------------------------------------------
     0 | D:1      | Trevise the Djinni Cinder Acolyte began the quest for the
                  | Orb.
     0 | D:1      | Reached XP level 1. HP: 20/20 MP: 0/0
   204 | D:1      | HP: 3/20 [jackal (3)]
   208 | D:1      | HP: 1/20 [jackal (1)]
   209 | D:1      | Slain by a jackal

Illustrated notes

Levels and vault maps discovered:
D:1:      dpeg_arrival_solitude, layout_loops_corners,
          chequers_ecumenical_altar_grove, grunt_decor_cap

Action                   || total
-------------------------++-------
Melee: Short sword       ||    22
  Use: Potion            ||     1
 Stab: Sleeping          ||     1
Armor: Robe              ||     6
Dodge: Dodged            ||    19

Table legend: (Time is in decaauts)
 A = Elapsed time spent in this place.
 B = Non-inter-level travel time spent in this place.
 C = Inter-level travel time spent in this place.
 D = Time resting spent in this place.
 E = Time spent auto-exploring this place.
 F = Levels seen in this place.
 G = Mean time per level.
                   A        B        C        D        E       F      G
               +--------+--------+--------+--------+--------+-----+--------+
         Total |    208 |    208 |      0 |      0 |    156 |   1 |  208.0 |
       Dungeon |    208 |    208 |      0 |      0 |    156 |   1 |  208.0 |
               +--------+--------+--------+--------+--------+-----+--------+

Top non-repeatable levels by time:
     D:1: 208 daAuts

Table legend:
 A = Kills in this place as a percentage of kills in entire the game.
 B = Kills by you in this place as a percentage of kills by you in the entire game.
 C = Kills by friends in this place as a percentage of kills by friends in the entire game.
 D = Other kills in this place as a percentage of other kills in the entire game.
 E = Experience gained in this place as a percentage of experience gained in the entire game.
 F = Experience gained in this place divided by the number of levels of this place that you have seen.
                   A       B       C       D       E      F
               +-------+-------+-------+-------+-------+----------------------
         Total | 100.0 | 100.0 |   N/A |   N/A | 100.0 |   7.0
       Dungeon | 100.0 | 100.0 |   N/A |   N/A | 100.0 |   7.0
               +-------+-------+-------+-------+-------+----------------------
